 Dungeon Crawl Stone Soup version 0.29.1-12-g30fa7ad0bf (webtiles) character file.

Game seed: 7198545254980938845

220 Jushak the Shield-Bearer (level 6, -3/48 HPs)
             Began as a Formicid Fighter on Jan 12, 2023.
             Slain by Grinder (6 damage)
             ... on level 4 of the Dungeon.
             The game lasted 00:06:12 (2779 turns).

Jushak the Shield-Bearer (Formicid Fighter)         Turns: 2779, Time: 00:06:13

Health: -3/48      AC:  7    Str: 21    XL:     6   Next: 18%
Magic:  6/6        EV:  9    Int:  9    God:
Gold:   180        SH:  5    Dex: 13    Spells: 5/5 levels left

rFire   . . .      SeeInvis +   a - +0 war axe
rCold   . . .      Faith    .   c - +0 buckler
rNeg    . . .      Spirit   .   b - +0 scale mail
rPois   .          Reflect  .   (helmet unavailable)
rElec   .          Harm     .   (no cloak)
rCorr   .          Rampage  .   (no gloves)
Will    .....                   (no boots)
Stlth   ..........              (no amulet)
HPRegen 0.16/turn               (no ring)
MPRegen 0.10/turn               (no ring)

@: no status effects
A: permanent stasis, dig shafts and tunnels, antennae 3, four strong arms
a: Dig, Shaft Self


You were on level 4 of the Dungeon.
You visited 1 branch of the dungeon, and saw 4 of its levels.

You collected 180 gold pieces.

Inventory:

Hand Weapons
 a - a +0 war axe (weapon)
Armour
 b - a +0 scale mail (worn)
 c - a +0 buckler (worn)
Magical Staves
 s - a staff of death
 x - a staff of fire
Jewellery
 n - a ring of fire
Scrolls
 e - 2 scrolls of noise {unknown}
 h - a scroll of amnesia {unknown}
 i - 4 scrolls of fear {unknown}
 k - a scroll of vulnerability {unknown}
 l - a scroll of blinking {unknown}
 m - 6 scrolls of identify {unknown}
 q - a scroll of teleportation {unknown}
 r - a scroll of magic mapping {unknown}
 t - a scroll of brand weapon {unknown}
 v - a scroll of poison {unknown}
Potions
 d - 2 potions of might
 f - a potion of ambrosia {unknown}
 g - 4 potions of flight {unknown}
 j - 2 potions of attraction {unknown}
 o - 2 potions of mutation {unknown}
 p - a potion of heal wounds {unknown}
 u - 3 potions of curing {unknown}
 w - a potion of invisibility {unknown}


   Skills:
 + Level 4.2 Fighting
 * Level 4.0 Axes
 + Level 4.3 Armour
 + Level 5.1 Shields


You had 5 spell levels left.
You didn't know any spells.
Your spell library contained the following spells:

 Spells                   Type           Power      Damage    Failure   Level
 Ensorcelled Hibernation  Hex/Ice        0%         N/A       89%         2
 Passwall                 Tmut/Erth      0%         N/A       89%         2
 Swiftness                Air            Unusable   N/A       N/A         3

Dungeon Overview and Level Annotations

Branches:
Dungeon (4/15)
 Temple: D:4-7

Altars:
Kikubaaqudgha

Shops:
D:3 *[([

Annotations:
D:4 Grinder


Innate Abilities, Weirdness & Mutations

You cannot be hasted, slowed, berserked, paralysed or teleported.
You can dig through walls and to a lower floor.
You have a pair of large antennae on your head. (SInv)
Your four strong arms can wield two-handed weapons with a shield.


Message History

You slash Grinder!
Grinder is severely wounded.
Grinder gestures at you. Pain shoots through your body!
You barely miss Grinder.
Grinder is severely wounded.
Grinder gestures at you. Pain shoots through your body!
You closely miss Grinder.
Grinder is severely wounded.
Grinder barely misses you.
Grinder blinks!
Grinder gestures at you. Pain shoots through your body!
You are too injured to fight recklessly!
Grinder says, "Wait up."
Grinder gestures at you.
Your stasis prevents you from being paralysed.
Grinder gestures at you. Pain shoots through your body!
* * * LOW HITPOINT WARNING * * *
Grinder blinks!
Grinder blinks!
You barely miss Grinder.
Grinder is severely wounded.
Grinder gestures at you. Pain shoots through your body!
* * * LOW HITPOINT WARNING * * *
You completely miss Grinder.
Grinder is severely wounded.
Grinder gestures at you.
Your stasis prevents you from being paralysed.
You closely miss Grinder.
Grinder is severely wounded.
Grinder gestures at you.
Your stasis prevents you from being paralysed.
Grinder blinks!
Grinder hits you!
* * * LOW HITPOINT WARNING * * *
You writhe in agony.
You die...

##################
#######....#...........#
...........'...........+
#######....#....ยง......#
...# #....###..@####.##
##.# #....# #.5.# ...#
#....# #...# #### ######
#...# .... ##### #### ###
..


You could see Grinder.

Vanquished Creatures
  An ogre (D:4)
  6 adders
  A shadow imp (D:3)
  A worm (D:2)
  4 dart slugs
  5 endoplasms
  5 giant cockroaches
  5 goblins
  4 hobgoblins
  2 jackals (D:2)
  3 quokkas
  4 ball pythons
  10 bats
  2 frilled lizards
  3 kobolds
  8 rats
64 creatures vanquished.

Vanquished Creatures (others)
  7 plants
7 creatures vanquished.

Grand Total: 71 creatures vanquished

Notes
Turn   | Place    | Note
-------+----------+-------------------------------------------
     0 | D:1      | Jushak the Formicid Fighter began the quest for the Orb.
     0 | D:1      | Reached XP level 1. HP: 18/18 MP: 1/1
   165 | D:1      | Reached XP level 2. HP: 24/24 MP: 2/2
   429 | D:1      | Reached XP level 3. HP: 27/29 MP: 3/3
  1047 | D:2      | Found a faded altar of an unknown god.
  1106 | D:2      | Reached XP level 4. HP: 37/37 MP: 4/4
  1624 | D:3      | Found Kiklemy's Antique Weapon Shoppe.
  1777 | D:3      | Found Taini Noy's Armour Shop.
  1827 | D:3      | Reached XP level 5. HP: 42/42 MP: 5/5
  2022 | D:3      | Found Ifaxiesch's Armour Shoppe.
  2298 | D:3      | Found Qaised's General Store.
  2503 | D:4      | Found an ancient bone altar of Kikubaaqudgha.
  2512 | D:4      | Noticed an ogre
  2522 | D:4      | Killed an ogre
  2523 | D:4      | Reached skill level 5 in Shields
  2523 | D:4      | Reached XP level 6. HP: 15/48 MP: 6/6
  2760 | D:4      | Noticed Grinder
  2779 | D:4      | Slain by Grinder

Illustrated notes

Levels and vault maps discovered:
D:1:      psy_arrival_statuary, layout_rooms
D:2:      layout_basic, shapermc_ecumenical_altar_mp_urbaneastern
D:3:      minmay_bubble_buster, layout_rooms, serial_shops,
          nicolae_shop_behind_doors, nicolae_shop_trees, nicolae_shop_stone,
          nicolae_shop_statue_plus, serial_bayou_ford_a,
          amcnicky_mini_rare_corridor_liquid, glass_columns_c,
          grunt_ministairs_12, hangedman_decor_peaks_small,
          kennysheep_generic_room_13
D:4:      layout_basic, mainiacjoe_overflow_concentric_impassable,
          minmay_temple_entry_mist, uniq_grinder, uniq_blork_the_orc

Skill      XL: |  1  2  3  4  5 |
---------------+----------------+-----
Axes           | 3 4 |  4.0
Armour         | 4 |  4.3
Fighting       | 4 |  4.2
Shields        | 5 |  5.1

Action                   |  1- 3 |  4- 6 || total
-------------------------+-------+-------++-------
Melee: War axe           |    94 |   106 ||   200
Armor: Scale mail        |    47 |    50 ||    97
Dodge: Dodged            |    41 |    38 ||    79
Block: Buckler           |    26 |    35 ||    61
